 Dungeon Crawl Stone Soup version 0.26.0-16-gc1dbca0489 (webtiles) character file.

Game seed: 2123507539430089116

241 thiole the Sneak (level 6, -5/36 HPs)
             Began as an Octopode Hedge Wizard on Jan 20, 2021.
             Killed from afar by an orc wizard (6 damage)
             ... with a magic dart
             ... on level 4 of the Dungeon.
             The game lasted 00:04:49 (3825 turns).

thiole the Sneak (Octopode Hedge Wizard)            Turns: 3825, Time: 00:04:49

Health: -5/36      AC:  1    Str:  9    XL:     6   Next: 8%
Magic:  11/12      EV: 13    Int: 19    God:
Gold:   151        SH:  0    Dex: 11    Spells: 7/13 levels left

rFire    . . .     SeeInvis .   a - +0 dagger
rCold    . . .     Faith    .   (no shield)
rNeg     . . .     Spirit   .   b - +0 hat
rPois    .         Reflect  .   (no amulet)
rElec    .         Harm     .   (no ring)
rCorr    .         Rampage  .   (no ring)
Will     .....                  (no ring)
Stlth    ++++......             (no ring)
HPRegen  0.12/turn              (no ring)
MPRegen  0.13/turn              (no ring)
                                (no ring)
                                (no ring)

@: mighty, slowed, very slow
A: almost no armour, stealthy swim, amphibious, 8 rings, constrict 8, camouflage
1, gelatinous body 1
a: no special abilities


You were on level 4 of the Dungeon.
You visited 1 branch of the dungeon, and saw 4 of its levels.

You collected 151 gold pieces.

Inventory:

Hand Weapons
 a - a +0 dagger (weapon)
Armour
 b - a +0 hat (worn)
 g - a +0 tower shield
Scrolls
 f - a scroll of identify {unknown}
 h - 4 scrolls of remove curse {unknown}
 j - a scroll of enchant weapon {unknown}
 k - 2 scrolls of magic mapping {unknown}
 l - a scroll of enchant armour {unknown}
 m - 2 scrolls of noise {unknown}
 n - a scroll of blinking {unknown}
 q - a scroll of teleportation {unknown}
Potions
 o - a potion of degeneration {unknown}
 p - a potion of haste {unknown}


   Skills:
 - Level 2.0 Dodging
 + Level 4.9 Stealth
 + Level 4.0 Spellcasting
 - Level 2.0 Conjurations
 - Level 2.0 Summonings
 - Level 1.0 Translocations
 + Level 2.2 Air Magic
 - Level 2.0 Poison Magic


You had 7 spell levels left.
You knew the following spells:

 Your Spells              Type           Power        Failure   Level
a - Magic Dart            Conj           44%          6%          1
b - Call Imp              Summ           11%          9%          2
c - Mephitic Cloud        Conj/Pois/Air  11%          19%         3

Your spell library contained the following spells:

 Spells                   Type           Power        Failure   Level
 Blink                    Tloc           N/A          14%         2
 Slow                     Hex            3%           21%         2
 Conjure Flame            Conj/Fire      7%           26%         3
 Gell's Gravitas          Tloc           3%           26%         3
 Confusing Touch          Hex            3%           38%         3
 Petrify                  Tmut/Erth      3%           80%         4
 Metabolic Englaciation   Hex/Ice        1%           98%         5
 Yara's Violent Unravell  Hex/Tmut       1%           98%         5


Dungeon Overview and Level Annotations

Branches:
Dungeon (4/15)
 Temple: D:4-7

Altars:
Ashenzari
Ru
Wu Jian


Innate Abilities, Weirdness & Mutations

You cannot wear most types of armour.
You are very stealthy in the water. (Stealth+)
You are amphibious.
You can wear up to eight rings at the same time.
You can use your tentacles to constrict eight enemies at once.
Your skin changes colour to match your surroundings (Stealth+).
Your rubbery body absorbs attacks. (AC +1, EV +1)


Message History

You feel clever.
Casting: Magic Dart (safe; 6% risk of failure)
Confirm with . or Enter, or press ? or * to list all spells.
Aiming: Magic Dart (safe; 6% risk of failure)
Press: ? - help, Shift-Dir - straight line, f - orc wizard
Aim: an orc wizard, wielding a +2 dagger of holy wrath and wearing a +0 robe (lightly wounded, 0% to evade)
Okay, then.
It was a potion of might.
You feel very mighty all of a sudden.
The orc wizard hits you with a +2 dagger of holy wrath.
* * * LOW HITPOINT WARNING * * *
The orc closely misses you.
The orc wizard casts a spell.
The orc wizard seems to speed up.
You miss the orc wizard. You grab the orc wizard.
The orc wizard is lightly wounded.
You constrict the orc wizard, but do no damage.
The orc wizard points at you and mumbles some strange words.
The magic dart hits you.
You die...

..............####
...
......##...#.....
...
.....###......##
#.. #..##..###....
#... #.....## ..#
##...###...### .#
...........## ..#
...........#####..#
...........#[@o.#
##...###...#o####
.. #...# #.....#
..###...###...###
..............#
....^.........#
..............##
.###...###.....#
#...# #..##..#


You could see an orc wizard (fast) and an orc.

Vanquished Creatures
  A jelly (D:4)
  An orc priest (D:4)
  2 worker ants
  A hound skeleton (D:2)
  6 adders
  An ooze (D:2)
  A worm (D:3)
  2 orcs
  A ball python (D:1)
  3 giant cockroaches
  5 hobgoblins
  4 jackals (D:1)
  8 kobolds
  A quokka (D:2)
  6 bats
  8 frilled lizards
  7 goblins
  8 rats
66 creatures vanquished.

Notes
Turn   | Place    | Note
-------+----------+-------------------------------------------
     0 | D:1      | thiole the Octopode Hedge Wizard began the quest for the
                  | Orb.
     0 | D:1      | Reached XP level 1. HP: 11/11 MP: 4/4
   200 | D:1      | Reached XP level 2. HP: 9/17 MP: 1/6
  1175 | D:2      | Learned a level 2 spell: Call Imp
  1193 | D:2      | Reached XP level 3. HP: 21/21 MP: 3/7
  1410 | D:2      | Learned a level 3 spell: Mephitic Cloud
  1752 | D:2      | Reached XP level 4. HP: 27/27 MP: 1/9
  2082 | D:2      | Reached skill level 1 in Air Magic
  2082 | D:2      | Reached skill level 1 in Poison Magic
  2544 | D:3      | Found a sacrificial altar of Ru.
  2766 | D:3      | Found an ornate altar of the Wu Jian Council.
  2849 | D:3      | Reached XP level 5. HP: 31/31 MP: 7/10
  3679 | D:4      | Found a broken altar of Ashenzari.
  3824 | D:4      | Reached XP level 6. HP: 3/36 MP: 10/12
  3824 | D:4      | HP: 1/36 [orc wizard/+2 dagger of holy wrath (2)]
  3825 | D:4      | Killed from afar by an orc wizard

Illustrated notes

Levels and vault maps discovered:
D:1:      sevenhm_arrival_forest_fort_small_5, layout_loops_cross
D:2:      minmay_angry_zag, layout_basic
D:3:      layout_basic, nicolae_ru_awakened_eye, nzn_wu_jian_contemplation
D:4:      layout_rooms, ashenzari_altar_1, kennysheep_vampire_church,
          kennysheep_diamond, kennysheep_boxes

Skill      XL: |  1  2  3  4  5 |
---------------+----------------+-----
Stealth        | 3 4 |  4.9
Conjurations   | 2 |  2.0
Summonings     | 2 |  2.0
Air Magic      | 1 2 |  2.2
Poison Magic   | 1 2 |  2.0
Spellcasting   | 4 |  4.0
Dodging        | |  2.0
Translocations | |  1.0

Action                   |  1- 3 |  4- 6 || total
-------------------------+-------+-------++-------
Melee: Dagger            |    33 |    72 ||   105
       Constrict         |     9 |    19 ||    28
       Tentacles         |     7 |    11 ||    18
 Cast: Magic Dart        |    60 |    73 ||   133
  Use: Potion            |       |     7 ||     7
Armor: Skin              |     6 |     7 ||    13
Dodge: Dodged            |    32 |    61 ||    93
